 Dungeon Crawl Stone Soup version 0.31.0-1-g2c135a008e (webtiles) character file.

Game seed: 9282761714843095490

203 qw the Shooter (level 6, -1/46 HPs)
             Began as a Djinni Hunter on Jan 23, 2024.
             Slain by a goblin
             ... wielding a +0 dagger
             ... led by Robin
              (3 damage)
             ... on level 4 of the Dungeon.
             The game lasted 00:00:09 (2203 turns).

qw the Shooter (Djinni Hunter)                      Turns: 2203, Time: 00:00:10

Health: -1/46      AC:  5    Str: 14    XL:     6   Next: 8%
Gold:   167        EV: 12    Int:  9    God:
                   SH:  0    Dex: 16

rFire   + + .        a - +1 shortbow
rCold   x . .        (shield currently unavailable)
rNeg    . . .        c - +0 leather armour
rPois   inf          (no helmet)
rElec   .            (no cloak)
rCorr   .            (no gloves)
SInv    .            (boots unavailable)
Will    +....        (no amulet)
Stlth   +            k - ring of willpower
HPRegen 0.27/turn    (no ring)
MPRegen 0.00/turn

%: infuse magic (-2 HP)
@: flying
A: sickness immunity, fire resistance 2, cold vulnerability 1, float, innate
caster, HP casting, extra vitality 1, fangs 1, iridescent scales 1, clumsy 1,
strong 1
a: no special abilities


You were on level 4 of the Dungeon.
You visited 1 branch of the dungeon, and saw 4 of its levels.

You collected 167 gold pieces.


Innate Abilities, Weirdness & Mutations

You are immune to sickness and miasma.
You are immune to poison.
Your flesh is very heat resistant. (rF++)
You are vulnerable to cold. (rC-)
You float through the air rather than walking.
You learn spells naturally, not from books.
Your magical power is your life essence.
You have superior vitality. (+4 MHP)
You have very sharp teeth.
You are partially covered in iridescent scales. (AC +2)
You are clumsy. (Dex -2)
Your muscles are strong. (Str +4, Int/Dex -1)


   Skills:
 + Level 3.2 Fighting
 - Level 5.0 Ranged Weapons
 - Level 3.0 Dodging
 - Level 0.7 Stealth


You knew the following spells:

 Your Spells              Type           Power      Damage    Failure   Level
a - Sting                 Conj/Alch      0%         1d3       45%         1
b - Blink                 Tloc           0%         N/A       61%         2
Your spell library was empty.

Inventory:

Hand Weapons
 a - a +1 shortbow (weapon)
Armour
 c - a +0 leather armour (worn)
Jewellery
 k - a ring of willpower (left hand)
Wands
 b - a wand of acid (11)
Potions
 e - a potion of haste
 g - 2 potions of curing
 i - a potion of might
 j - a potion of degeneration {unknown}

Dungeon Overview and Level Annotations

Branches:
Dungeon (4/15)
 Temple: D:4-7

Altars:
Yredelemnul


Message History

You shoot an arrow. The arrow hits Robin.
Robin is moderately wounded.
The goblin hits you but does no damage. The goblin completely misses you.
Robin closely misses you. The goblin barely misses you.
The goblin hits you with a +0 dagger.
You shoot an arrow. The arrow hits Robin.
Robin is heavily wounded.
The goblin misses you. x2; Robin hits you with a +0 whip.
The goblin barely misses you. The goblin misses you.
You shoot an arrow.
The arrow hits Robin but does no damage.
Robin is heavily wounded.
The goblin closely misses you. x2; Robin misses you.
The goblin hits you but does no damage. The goblin closely misses you.
The goblin hits you but does no damage. x2; The goblin barely misses you.
The goblin hits you but does no damage. Robin throws the goblin at you!
You shoot an arrow. The arrow hits Robin.
Robin is severely wounded.
The goblin hits you with a +0 dagger. The goblin hits you with a +0 club.
The goblin closely misses you. The goblin misses you.
Robin throws the goblin at you!
You shoot an arrow. The arrow hits Robin.
Robin is almost dead.
The goblin no longer looks unusually strong.
The goblin hits you but does no damage.
The hobgoblin hits you but does no damage.
The goblin closely misses you. The goblin barely misses you. x2
Robin roars a battlecry!
The goblin goes into a battle-frenzy!
You shoot an arrow. The arrow hits Robin.
You kill Robin!
The goblin no longer looks unusually strong.
The goblin hits you with a +0 dagger. x2
The goblin hits you but does no damage. The hobgoblin misses you.
The goblin barely misses you.
You shoot an arrow. The arrow hits the goblin.
You kill the goblin!
The goblin no longer looks unusually strong.
The goblin barely misses you. The goblin hits you with a +0 dagger.
You die...

#..... ........ ###### ......###
.......# # ......### ###
.......# #.. ......# ##.#
####g)...# #..#
#..g@....#########.##
#..gg).##.....##...#
##......##.#......###
#.......##.#.#.####
####....#####.#.#.# ####
####.......#####.#.#.####... #
###..........+...#............
#.#...P._.P.)..###.#..#.........
#...............).<...#.........


You could see a hobgoblin (strong) and 3 goblins.

Vanquished Creatures
  A black bear (D:4)
  Robin (D:4)
  2 adders
  4 ribbon worms
  2 dart slugs (D:1)
  An orc (D:3)
  4 ball pythons
  2 bats (D:1)
  5 endoplasms
  A giant cockroach (D:4)
  15 goblins
  7 hobgoblins
  7 jackals
  3 quokkas
  4 frilled lizards
  3 kobolds
  4 rats
66 creatures vanquished.

Notes
Turn   | Place    | Note
-------+----------+-------------------------------------------
     0 | D:1      | qw the Djinni Hunter began the quest for the Orb.
     0 | D:1      | Reached XP level 1. HP: 18/18 MP: 0/0
     0 | D:1      | 0 ||| qw: Version: 0.3-a-132-g3d54051
     0 | D:1      | 0 ||| qw: Game counter: 650
     0 | D:1      | 0 ||| qw: Melee chars always use a shield: true
     0 | D:1      | 0 ||| qw: God list: Okawaru
     0 | D:1      | 0 ||| qw: Allow faded altars: false
     0 | D:1      | 0 ||| qw: Do Orc after clearing Dungeon:15 true
     0 | D:1      | 0 ||| qw: Do second Lair branch before Depths: true
     0 | D:1      | 0 ||| qw: Lair rune preference: random
     0 | D:1      | 0 ||| qw: Goals: Normal
     0 | D:1      | 0 ||| PLANNING D:1-11
     2 | D:1      | Noticed a naga
     4 | D:1      | Noticed a demonspawn
     4 | D:1      | Noticed an armataur
     6 | D:1      | Noticed a barachi
     8 | D:1      | Noticed a human
    10 | D:1      | Noticed a minotaur
    10 | D:1      | Noticed a demigod
    12 | D:1      | Noticed a troll
    12 | D:1      | Noticed an oni
    14 | D:1      | Noticed a djinni
    14 | D:1      | Noticed a vine stalker
    16 | D:1      | Noticed an elf
    16 | D:1      | Noticed a vampire
    18 | D:1      | Noticed a formicid
    18 | D:1      | Noticed an octopode
    20 | D:1      | Noticed a spriggan
    20 | D:1      | Noticed a draconian
    22 | D:1      | Noticed a gargoyle
    22 | D:1      | Noticed a tengu
    24 | D:1      | Noticed a merfolk
    26 | D:1      | Noticed a ghoul
    26 | D:1      | Noticed a felid
    62 | D:1      | Reached XP level 2. HP: 23/23 MP: 0/0
   214 | D:1      | Reached XP level 3. HP: 28/28 MP: 0/0
   214 | D:1      | Learned a level 1 spell: Sting
   217 | D:1      | Reached skill level 4 in Ranged Weapons
   392 | D:1      | 392 ||| READING scroll labelled GES JUINIVVOB.
   493 | D:1      | 493 ||| READING scroll labelled KAZOEC COK.
   498 | D:1      | 498 ||| DRINKING 2 fuming brown potions.
   499 | D:1      | 499 ||| DRINKING 2 murky dark potions.
   500 | D:1      | 500 ||| DROPPING scroll of butterflies.
   847 | D:2      | Found a faded altar of an unknown god.
   852 | D:2      | Reached XP level 4. HP: 34/34 MP: 0/0
   890 | D:2      | Reached skill level 3 in Fighting
  1242 | D:2      | 1242 ||| READING scroll labelled COENTA TIFYLIO.
  1243 | D:2      | 1243 ||| READING scroll labelled USHRYU COEMEOCU.
  1344 | D:2      | 1344 ||| READING scroll labelled MECYIF WOCWERR.
  1344 | D:2      | 1344 ||| IDENTIFYING viscous inky potion
  1345 | D:2      | 1345 ||| DRINKING potion of mutation.
  1345 | D:2      | Gained mutation: You are partially covered in iridescent
                  | scales. (AC +2) [potion of mutation]
  1345 | D:2      | Gained mutation: You occasionally lose the ability to drink
                  | potions when taking damage. [potion of mutation]
  1345 | D:2      | Gained mutation: You are clumsy. (Dex -2) [potion of
                  | mutation]
  1346 | D:2      | 1346 ||| READING scroll labelled RAACSA KUNI.
  1347 | D:2      | 1347 ||| READING scroll labelled TUEROYMAIWAA.
  1348 | D:2      | 1348 ||| READING scroll labelled ENAIL FIPEJUZ.
  1349 | D:2      | 1349 ||| DRINKING 2 sedimented emerald potions.
  1380 | D:2      | 1380 ||| DRINKING 2 puce potions.
  1381 | D:2      | 1381 ||| DROPPING potion of lignification.
  1466 | D:3      | 1466 ||| FLEEEEING.
  1469 | D:3      | 1469 ||| STAIRDANCE
  1618 | D:3      | Reached skill level 3 in Dodging
  1618 | D:3      | 1618 ||| FLEEEEING.
  1740 | D:3      | 1740 ||| DRINKING potion of mutation.
  1740 | D:3      | Lost mutation: You are clumsy. (Dex -2) [potion of
                  | mutation]
  1740 | D:3      | Lost mutation: You occasionally lose the ability to drink
                  | potions when taking damage. [potion of mutation]
  1740 | D:3      | Gained mutation: You are clumsy. (Dex -2) [potion of
                  | mutation]
  1740 | D:3      | Gained mutation: You have very sharp teeth. [potion of
                  | mutation]
  1740 | D:3      | Gained mutation: Your muscles are strong. (Str +4, Int/Dex
                  | -1) [potion of mutation]
  1984 | D:3      | 1984 ||| UPGRADING to ring of willpower.
  1985 | D:3      | 1985 ||| READING scroll of identify.
  1985 | D:3      | 1985 ||| IDENTIFYING bubbling silvery potion
  1986 | D:3      | 1986 ||| READING scroll labelled NESALA DICS.
  1986 | D:3      | 1986 ||| ENCHANTING +0 shortbow.
  1987 | D:3      | 1987 ||| DRINKING 2 purple potions.
  1988 | D:3      | 1988 ||| DROPPING potion of ambrosia.
  2076 | D:4      | Noticed a black bear
  2085 | D:4      | Killed a black bear
  2086 | D:4      | Reached XP level 5. HP: 40/40 MP: 0/0
  2086 | D:4      | Learned a level 2 spell: Blink
  2148 | D:4      | Found a basalt altar of Yredelemnul.
  2182 | D:4      | Reached skill level 5 in Ranged Weapons
  2185 | D:4      | Noticed Robin
  2189 | D:4      | Reached XP level 6. HP: 30/46 MP: 0/0
  2192 | D:4      | HP: 7/46 [goblin/+0 dagger[Robin] (5)]
  2193 | D:4      | 2193 ||| DRINKING potion of heal wounds.
  2200 | D:4      | HP: 9/46 [goblin/+0 dagger[Robin] (5)]
  2202 | D:4      | Killed Robin
  2202 | D:4      | HP: 2/46 [goblin/+0 dagger[Robin] (3)]
  2203 | D:4      | Slain by a goblin

Levels and vault maps discovered:
D:1:      kb_arrival_jail, layout_basic, nicolae_titane
D:2:      layout_basic, chequers_ecumenical_altar_island
D:3:      layout_basic, minmay_starry_boxes
D:4:      kennysheep_goblin_castle, layout_basic,
          mainiacjoe_overflow_concentric_impassable,
          mainiacjoe_overflow_tiny_flanked, nicolae_zig_zag_zippers, uniq_robin

Skill      XL: |  1  2  3  4  5 |
---------------+----------------+-----
Ranged Weapons | 4 5 |  5.0
Fighting       | 3 |  3.2
Dodging        | 3 |  3.0
Stealth        | |  0.7

Action                     |  1- 3 |  4- 6 || total
---------------------------+-------+-------++-------
   Fire: Shortbow          |    76 |   105 ||   181
    Use: Scroll            |     2 |     8 ||    10
         Potion            |     2 |     6 ||     8
 Armour: Leather armour    |     5 |    87 ||    92
  Dodge: Dodged            |     5 |    72 ||    77

Table legend:
 A = Non-vault XP
 B = Vault XP
 C = Vault XP percentage of total XP
 D = Non-vault monster count
 E = Vault monster count
 F = Vault count percentage of total count
                 A         B        C        D         E       F
            +---------+---------+-------+---------+---------+-------
      Total |     239 |      53 |  18.2 |      54 |      12 |  18.2
            +---------+---------+-------+---------+---------+-------
        D:1 |      48 |       0 |   0.0 |      26 |       0 |   0.0
        D:2 |      28 |       0 |   0.0 |      14 |       0 |   0.0
        D:3 |      15 |      23 |  60.5 |       5 |       4 |  44.4
        D:4 |     148 |      30 |  16.9 |       9 |       8 |  47.1
            +---------+---------+-------+---------+---------+-------
